 Dungeon Crawl Stone Soup version 0.21-a0-88-g13b9641 (console) character file.

108 Goblin1989 the Chopper (level 4, -10/35 HPs)
             Began as a Demonspawn Monk on June 26, 2017.
             Killed by nerve-wracking pain
             ... invoked by Grinder
              (14 damage)
             ... on level 3 of the Dungeon on June 29, 2017.
             The game lasted 00:10:42 (2784 turns).

Goblin1989 the Chopper (Demonspawn Monk)            Turns: 2784, Time: 00:10:42

Health: -10/35     AC: 12    Str: 10 (12) XL:     4   Next: 58%
Magic:  4/4        EV:  9    Int:  8 (11) God:
Gold:   77         SH:  0    Dex: 13 (16) Spells: 3/3 levels left

rFire    . . .     SeeInvis .   a - +1 hand axe
rCold    . . .     Gourm    .   (no shield)
rNeg     . . .     Faith    .   y - +0 scale mail
rPois    .         Spirit   .   (no helmet)
rElec    .         Reflect  .   s - +1 cloak
rCorr    .         Harm     .   t - +0 pair of gloves
MR       .....                  (no boots)
Stlth    ..........             (no amulet)
HPRegen  0.11/turn              l - +3 ring of protection
MPRegen  0.09/turn              (no ring)

@: hasted, very quick
A: talons 2
a: no special abilities


You were on level 3 of the Dungeon.
You were not hungry.

You visited 1 branch of the dungeon, and saw 3 of its levels.

You collected 77 gold pieces.

Inventory:

Hand Weapons
 a - a +1 hand axe (weapon)
Armour
 s - a +1 cloak (worn)
 t - a +0 pair of gloves (worn)
 y - a +0 scale mail (worn)
Jewellery
 l - a +3 ring of protection (left hand)
Scrolls
 g - a scroll of enchant armour
 j - 3 scrolls of remove curse {@r2}
Potions
 i - 2 potions of heal wounds {@q2, !q}
 k - a potion of mutation {unknown}
 o - a potion of ambrosia {unknown}
 p - a potion of lignification {unknown}
 u - a potion of brilliance {unknown}
 w - a potion of agility {unknown}
Comestibles
 e - a bread ration {@e1}
 z - a chunk of flesh


   Skills:
 - Level 3.0 Fighting
 + Level 4.9 Axes
 - Level 2.6 Dodging
 - Level 1.7 Stealth


You had 3 spell levels left.
You didn't know any spells.

Dungeon Overview and Level Annotations

Branches:
Dungeon (3/15)

Altars:
Kikubaaqudgha

Annotations:
D:3 Grinder


Innate Abilities, Weirdness & Mutations

You have razor-sharp toenails.


Message History

You closely miss the hobgoblin.
The hobgoblin hits you but does no damage. x2
Unknown command.
You slash the hobgoblin!
You kill the hobgoblin!
You hit the hobgoblin.
The hobgoblin hits you but does no damage.
Grinder blinks!
You see here a club.
Okay, then.
It was a potion of degeneration.
There was something very wrong with that liquid.
You feel weakened.
You feel dopey.
You feel clumsy.
The hobgoblin hits you but does no damage.
Unknown command.
You hit the hobgoblin.
You kill the hobgoblin!
You hit Grinder but do no damage. Grinder barely misses you.
Unknown command.
You completely miss Grinder. Your kick misses Grinder.
Grinder barely misses you.
Unknown command.
You hit Grinder.
Grinder is lightly wounded.
Grinder hits you but does no damage.
You hit Grinder. Your kick misses Grinder.
Grinder is lightly wounded.
Grinder says, "DUCK!"
Grinder gestures at you.
You suddenly lose the ability to move!
Grinder hits you but does no damage.
Grinder says, "Tell me all your secrets, or I'll kill you."
Grinder hits you.
You writhe in agony.
Grinder hits you but does no damage. Grinder gestures at you.
Pain shoots through your body! Grinder hits you but does no damage.
You can move again.
You take 9 damage, and have 26/35 hp.
MASSIVE DAMAGE!!
Unknown command.
Unknown command.
Okay, then.
It was a potion of haste.
You feel yourself speed up. Grinder hits you but does no damage.
Unknown command.
You hit Grinder. Your kick misses Grinder.
Grinder is lightly wounded.
Grinder hits you but does no damage.
You completely miss Grinder.
Grinder is lightly wounded.
You hit Grinder.
Grinder is moderately wounded.
Grinder hits you.
You writhe in agony.
You take 7 damage, and have 19/35 hp.
You hit Grinder.
Grinder is moderately wounded.
Grinder barely misses you.
You barely miss Grinder.
Grinder is moderately wounded.
Grinder gestures at you.
You suddenly lose the ability to move!
Grinder hits you.
You writhe in agony.
* * * LOW HITPOINT WARNING * * *
Grinder hits you but does no damage.
Grinder blinks!
You can move again.
You take 6 damage, and have 13/35 hp.
Unknown command.
You hit Grinder but do no damage.
Grinder is moderately wounded.
You hit Grinder. You claw Grinder, but do no damage.
Grinder is moderately wounded.
Grinder gestures at you. Pain shoots through your body!
* * * LOW HITPOINT WARNING * * *
You take 9 damage, and have 4/35 hp.
MASSIVE DAMAGE!!
You closely miss Grinder. Your kick misses Grinder.
Grinder is moderately wounded.
Grinder hits you but does no damage.
You hit Grinder. You claw Grinder.
Grinder is heavily wounded.
You hit Grinder. Your kick misses Grinder.
Grinder is heavily wounded.
Grinder closely misses you.
You hit Grinder.
Grinder is heavily wounded.
Grinder hits you.
* * * LOW HITPOINT WARNING * * *
You take 1 damage, and have 4/35 hp.
You barely miss Grinder. Your kick misses Grinder.
Grinder is heavily wounded.
Grinder barely misses you.
You closely miss Grinder. You claw Grinder.
Grinder is severely wounded.
You hear the rusting of a distant drain.
You hit Grinder. Your kick misses Grinder.
Grinder is severely wounded.
Grinder gestures at you. Pain shoots through your body!
You die...

.....................
██████.██████.█.█..█
██████████.█ █.█.█..█
...........██████...█..█
....................█..
.............█████..█.
.............▲
.......).....█
.......@.....█
......5███...█ .......
█...█ ....... █...█
....... █...█ .......
...█


███████ .█ ███████ You could see Grinder.

Vanquished Creatures
  5 adders
  3 oozes
  A worm (D:2)
  A dart slug (D:1)
  3 leopard geckos
  An orc (D:3)
  5 bats
  A giant cockroach (D:2)
  6 goblins
  3 hobgoblins
  2 ball pythons (D:1)
  4 frilled lizards
  5 kobolds (D:1)
  9 rats
49 creatures vanquished.

Notes
Turn   | Place    | Note
-------+----------+-------------------------------------------
     0 | D:1      | Goblin1989 the Demonspawn Monk began the quest for the Orb.
     0 | D:1      | Reached XP level 1. HP: 18/18 MP: 1/1
   204 | D:1      | Reached skill level 3 in Axes
   204 | D:1      | Gained mutation: You have sharp toenails. [demonic ancestry]
   204 | D:1      | Reached XP level 2. HP: 24/24 MP: 2/2
  1205 | D:2      | Reached XP level 3. HP: 29/29 MP: 3/3
  1406 | D:2      | Reached skill level 4 in Axes
  1616 | D:2      | Found an ancient bone altar of Kikubaaqudgha.
  2056 | D:2      | Gained mutation: You have razor-sharp toenails. [demonic ancestry]
  2056 | D:2      | Reached XP level 4. HP: 35/35 MP: 4/4
  2734 | D:3      | Noticed Grinder
  2760 | D:3      | Paralysed by Grinder for 6 turns
  2771 | D:3      | Paralysed by Grinder for 4 turns
  2784 | D:3      | Killed from afar by Grinder

Vault maps used:
D:1:      minmay_arrival_four_loops, corner_web_ring
D:2:      kiku_gazebo_pond_becter
D:3:      first_bread, gup_sewer_entry_pipe, uniq_grinder

Skill      XL: |  1  2  3 |
---------------+----------+-----
Axes           | 3 4 |  4.9
Fighting       | |  3.0
Dodging        | |  2.6
Stealth        | |  1.7

Action                   |  1- 3 |  4- 6 || total
-------------------------+-------+-------++-------
Melee: Hand axe          |   131 |    45 ||   176
       Kick              |    18 |     9 ||    27
  Use: Scroll            |       |     5 ||     5
       Potion            |       |     2 ||     2
 Stab: Sleeping          |     3 |       ||     3
       Distracted        |     1 |       ||     1
  Eat: Chunk             |     4 |     2 ||     6
Armor: Robe              |    35 |     4 ||    39
       Scale mail        |       |    17 ||    17
Dodge: Dodged            |   103 |    17 ||   120

Vault maps used:
D:1:      minmay_arrival_four_loops, corner_web_ring
D:2:      kiku_gazebo_pond_becter
D:3:      first_bread, gup_sewer_entry_pipe, uniq_grinder
